 Dungeon Crawl Stone Soup version 0.31-a0-836-g3ceb0a68c4 (webtiles) character file.

Game seed: 14964117683473557704

97693 Shayle the Fighter (level 15, -1/127 HPs)
             Began as a Demonspawn Reaver on Sept 26, 2023.
             Was the Champion of Kikubaaqudgha.
             Hit by a javelin thrown by a merfolk javelineer (15 damage)
             ... on level 1 of the Shoals.
             The game lasted 02:08:25 (26866 turns).

Shayle the Fighter (Demonspawn Reaver)             Turns: 26866, Time: 02:08:25

Health: -1/127     AC: 22    Str: 13    XL:     15   Next: 72%
Magic:  17/33      EV: 11    Int: 26    God:    Kikubaaqudgha [******]
Gold:   2081       SH:  9    Dex: 17    Spells: 1/26 levels left

rFire   . . .        b - +4 eveningstar (venom)
rCold   + . .        (no shield)
rNeg    . . .        q - +3 ring mail "Xazen" {rElec rC+ Dex+4}
rPois   .            (helmet restricted)
rElec   +            r - +2 cloak
rCorr   .            (gloves unavailable)
SInv    .            (boots unavailable)
Will    ++++.        g - amulet of reflection Stlth
                     p - +4 ring of protection
HPRegen 0.41/turn    F - ring "Veppiask" {Will+++ MP+9 Int+6 Stlth-}
MPRegen 0.23/turn

%: reflection
@: on berserk cooldown, animating dead, slowed, very slow
A: antennae 2, hooves 3, icemail 1, spiny 1, condensation shield, demonic touch
3
a: Renounce Religion, Unearth Wretches, Torment


You were on level 1 of the Shoals.
You worshipped Kikubaaqudgha.
Kikubaaqudgha was exalted by your worship.
You visited 6 branches of the dungeon, and saw 24 of its levels.
You also visited: Bailey, Gauntlet and Ice Cave.

You collected 3686 gold pieces.
You spent 1605 gold pieces at shops.

Inventory:

Hand Weapons
 b - a +4 eveningstar of venom (weapon)
 v - a +0 demon trident of venom
 Q - the +3 war axe of the Jumping Owl {elec, rElec Str+4}
   (You took it off a minotaur in a Gauntlet)

   Str+4:     It affects your strength (+4).
   rElec:     It insulates you from electricity.
Missiles
 k - a throwing net
Armour
 q - the +3 ring mail "Xazen" (worn) {rElec rC+ Dex+4}
   (You found it on level 3 of the Dungeon)

   Dex+4:     It affects your dexterity (+4).
   rC+:       It protects you from cold.
   rElec:     It insulates you from electricity.
 r - a +2 cloak (worn)
 z - the +0 ring mail of Going Fast {rPois Str+4 Stlth+}
   (You found it in a Gauntlet)

   Str+4:     It affects your strength (+4).
   rPois:     It protects you from poison Stlth+: It makes you more stealthy.
 W - a +3 buckler of cold resistance
 X - a +2 robe of resistance
Magical Staves
 o - the staff of Dithmenos's Pride {rN+ Int+2 Conj Hexes Tloc}
   (You found it in a Gauntlet)

   [staff of conjuration]

   Base accuracy: +5 Base damage: 5 Base attack delay: 1.2 This weapon's minimum
   attack delay (0.6) is reached at skill level 12.
   Int+2:     It affects your intelligence (+2).
   rN+:       It protects you from negative energy.
   Conj:      It increases the power of your Conjurations spells.
   Hexes:     It increases the power of your Hexes spells.
   Tloc:      It increases the power of your Translocations spells.
   It falls into the 'Staves' category.
   It is a one-handed weapon.
Jewellery
 f - the ring "Tenol" {rElec rPois Str+6 SInv}
   (You found it in a Gauntlet)

   [ring of strength]

   Str+6:     It affects your strength (+6).
   rElec:     It insulates you from electricity.
   rPois:     It protects you from poison SInv: It lets you see invisible.
 g - an amulet of reflection (around neck)
 p - a +4 ring of protection (left hand)
 t - an amulet of regeneration
 w - a ring of wizardry
 x - the ring of the Hare {EV+10}
   (You found it on level 7 of the Dungeon)

   [ring of evasion]

   EV+10:     It affects your evasion (+10).
 D - a ring of positive energy
 F - the ring "Veppiask" (right hand) {Will+++ MP+9 Int+6 Stlth-}
   (You found it in a bailey)

   [ring of intelligence]

   Int+6:     It affects your intelligence (+6).
   Will+++:   It greatly increases your willpower.
   MP+9:      It affects your magic capacity (+9).
   Stlth-:    It makes you less stealthy.
 I - a ring of protection from cold
Wands
 R - a wand of polymorph (11)
 S - a wand of paralysis (8)
 U - a wand of flame (15)
Scrolls
 e - 3 scrolls of fog
 h - 2 scrolls of vulnerability
 n - 2 scrolls of butterflies
 s - a scroll of teleportation
 y - a scroll of torment
 B - 2 scrolls of poison
 K - a scroll of silence
 P - 3 scrolls of identify
 T - a scroll of amnesia
Potions
 a - 2 potions of might
 c - 6 potions of haste
 d - 7 potions of ambrosia
 l - 2 potions of mutation
 m - 3 potions of berserk rage
 A - 2 potions of attraction
 E - 5 potions of enlightenment
 G - 2 potions of resistance
 L - 2 potions of lignification
 O - 2 potions of brilliance


   Skills:
 - Level 14.6 Fighting
 - Level 2.6 Polearms
 - Level 13.2 Armour
 - Level 1.7 Dodging
 - Level 6.1 Spellcasting
 + Level 8.2 Conjurations
 - Level 14.0 Necromancy
 - Level 9.5 Earth Magic
 + Level 7.5 Poison Magic


You had one spell level left.
You knew the following spells:

 Your Spells              Type           Power      Damage    Failure   Level
a - Kiss of Death         Conj/Necr      100%       2d13      1%          1
b - Animate Dead          Necr           69%        N/A       1%          4
c - Sublimation of Blood  Necr           69%        N/A       1%          2
d - Blink                 Tloc           16%        N/A       19%         2
e - Anguish               Hex/Necr       22%        N/A       7%          4
f - Death Channel         Necr           34%        N/A       5%          6
g - Ignite Poison         Fire/Tmut/Pois 21%        N/A       13%         3
h - Hailstorm             Conj/Ice       29%        3d8       6%          3

Your spell library contained the following spells:

 Spells                   Type           Power      Damage    Failure   Level
 Magic Dart               Conj           100%       1d8       1%          1
 Necrotise                Necr           100%       1d9       1%          1
 Apportation              Tloc           16%        N/A       12%         1
 Freeze                   Ice            32%        1d5       12%         1
 Cigotuvi's Dreadful Rot  Necr/Pois/Air  90%        N/A       1%          2
 Searing Ray              Conj           100%       2d8       1%          2
 Dispel Undead            Necr           69%        3d23      1%          4
 Passwall                 Tmut/Erth      26%        N/A       2%          2
 Momentum Strike          Conj/Tloc      58%        3d9       3%          2
 Iskenderun's Battlesphe  Conj           50%        2d10      11%         5
 Ensorcelled Hibernation  Hex/Ice        16%        N/A       19%         2
 Jinxbite                 Hex            16%        N/A       19%         2
 Scorch                   Fire           16%        2d5       19%         2
 Flame Wave               Conj/Fire      29%        2d9       22%         4
 Fulminant Prism          Conj/Hex       14%        3d8       22%         4
 Frozen Ramparts          Ice            16%        1d3       34%         3
 Swiftness                Air            8%         N/A       34%         3
 Tukima's Dance           Hex            8%         N/A       34%         3
 Bombard                  Conj/Erth      26%        9d5       43%         6
 Alistair's Intoxication  Tmut/Pois      18%        N/A       56%         5
 Freezing Cloud           Conj/Ice/Air   11%        6-21      71%         5
 Simulacrum               Ice/Necr       22%        N/A       71%         6
 Manifold Assault         Tloc           8%         N/A       75%         4
 Passage of Golubria      Tloc           8%         N/A       75%         4
 Borgnjor's Revivificati  Necr           34%        N/A       94%         8
 Infestation              Necr           34%        N/A       94%         8
 Yara's Violent Unravell  Hex/Tmut       4%         3d4       97%         5
 Haunt                    Necr/Summ      22%        N/A       99%         7
 Summon Cactus Giant      Summ           4%         N/A       100%        6
 Ozocubu's Refrigeration  Ice            4%         4d8       100%        7
 Spellforged Servitor     Conj/Summ      14%        N/A       100%        7
 Death's Door             Necr           34%        N/A       100%        9
 Polar Vortex             Ice            4%         N/A       100%        9


Dungeon Overview and Level Annotations

Branches:
Dungeon (14/15)            Temple (1/1) D:7            Lair (5/5) D:10
 Shoals (1/4) Lair:2       Spider (1/4) Lair:3        Slime (0/5) Lair:4
    Orc (2/2) D:11            Elf (0/3) Orc:2        Vaults (0/5) D:14
 Bailey (visited)           IceCv (visited)         Gauntlet (visited)

Altars:
Ashenzari
Cheibriados
Dithmenos
Fedhas
Gozag
Hepliaklqana
Kikubaaqudgha
Makhleb
Nemelex Xobeh
Okawaru
Qazlal
Ru
Sif Muna
Trog
Uskayaw
Vehumet
Wu Jian
Xom
Yredelemnul
Jiyva

Shops:
D:2 :*   D:3 *   D:6 :   Orc:1 *=   Orc:2 ([([

Annotations:
D:5 3 runed translucent doors, lotum's ghost, novice MfGl
D:8 1 runed translucent door


Innate Abilities, Weirdness & Mutations

You have a pair of antennae on your head.
You have hooves in place of feet.
A meltable icy envelope protects you from harm. (AC +4)
You are partially covered in sharp spines.
A meltable shield of frost defends you. (SH +4)
Your touch may irresistibly damage your foes and sap their willpower.


Message History

You kill the merfolk!
Kikubaaqudgha accepts your kill.
The dead are walking!
Unknown command.
You are no longer berserk.
You are exhausted.
You feel yourself slow down.
The merfolk siren chants a haunting song.
You resist with almost no effort.
Things that are here:
a +5 trident of venom; 6 stones
Okay, then.
Casting: Animate Dead (safe; 1% risk of failure)
Confirm with . or Enter, or press ? or * to list all spells.
Casting: Hailstorm (mildly dangerous; 6% risk of failure)
Press: ? - help, Dir - look around, f - activate A cannonade of hail descends around you!
The hail pelts the merfolk impaler!
The merfolk impaler is lightly wounded.
The hail pelts your merfolk zombie.
Your merfolk zombie partially resists.
Your merfolk zombie is lightly damaged.
The hail pelts the merfolk siren!
The merfolk siren is moderately wounded.
The hail pelts the merfolk siren!
The merfolk siren is moderately wounded.
The hail pelts the merfolk aquamancer!
You kill the merfolk aquamancer!
Kikubaaqudgha accepts your kill.
You hear a splash. x2
The hail pelts the merfolk javelineer!
The merfolk javelineer is lightly wounded.
The dead are walking!
The merfolk siren chants a haunting song.
You easily resist.
The merfolk siren hits your merfolk aquamancer zombie with a +0 spear!
The merfolk javelineer throws a javelin.
The javelin pierces through you!
You die...
Kikubaaqudgha rasps: "You have failed me!
Welcome... death!"

~~~~~~≈≈≈≈≈≈≈≈≈≈≈~~~~~~~~~~~~≈≈
.~~~~~≈≈≈≈≈≈≈≈≈≈≈~~~~~)~~~~~~≈≈
,..~~~~≈EH≈≈≈≈≈≈~~~~~~~~~~~~~~≈≈
,.Y~~~~~≈≈t≈≈≈≈≈~~~~~~...~~~.~~≈
~~~~~HH≈≈≈≈≈≈~~~~~~....<.~~~≈
~c~~~~~~~m~)~~~~~..###...~~~~
~~~~~~HYHm~~~~~.~.## ##...~~~
~~~~~..~lmZ~~.Z.÷.# ##....~
~~~..c[..m..@..#†.## ##....
.~..###..###.####..### ##.~~ C
#### ### ##...### #..~
##.~...###..~ ### #.~~.~~..÷..~
P ###.####.~..~~~~~~~≈
P~.#.~~....~~...~~~~.~≈
~~P~PP~~~~~~~~...~~~~~~≈
~P~~≈≈≈≈~~~~~P...~~~~~≈≈


You could see an alligator snapping turtle, a merfolk impaler (ally target), a
skyshark, a merfolk javelineer, a faun, 5 manticores, a water elemental, 2
merfolk sirens, a dream sheep, a friendly merfolk zombie and a friendly merfolk
aquamancer zombie.

Vanquished Creatures
  Kirke (Lair:5)
  A frost giant (IceCv)
  An orc warlord (Orc:1)
  A minotaur (Gauntlet)
  Snorg (D:10)
  Fannar (D:11)
  A hydra (Lair:2)
  A catoblepas (Lair:4)
  2 centaur warriors
  3 two-headed ogres
  A merfolk aquamancer (Shoals:1)
  7 death yaks
  3 orc high priests (Orc:2)
  A skyshark (Lair:1)
  A skeletal warrior (D:13)
  2 wizards (Gauntlet)
  2 lindwurms (Lair:5)
  A wolf spider (Lair:3)
  3 orc knights
  An ugly thing (D:13)
  7 orc sorcerers
  2 cyclopes
  A manticore (D:12)
  11 elephants
  Maurice (D:11)
  5 black mambas
  5 torpor snails
  A merfolk siren (Shoals:1)
  A gargoyle (D:12)
  11 cane toads
  An unseen horror (D:11)
  7 rime drakes
  3 komodo dragons
  4 trolls
  A queen bee (Lair:1)
  7 polar bears (IceCv)
  5 hornets
  2 tyrant leeches (Lair:5)
  2 merfolk (Shoals:1)
  2 wind drakes (Shoals:1)
  8 blink frogs
  13 dream sheep
  6 slime creatures
  A centaur simulacrum (D:12)
  3 jumping spiders
  A shadow (D:11)
  Sigmund (D:4)
  70 yaks
  A water elemental (Shoals:1)
  A hog (Lair:5)
  2 basilisks
  4 wraiths
  5 wyverns
  A tyrant leech zombie (Gauntlet)
  A steam dragon (D:9)
  8 vampire mosquitoes
  A redback (Lair:3)
  A swamp worm (Gauntlet)
  7 wargs
  3 water moccasins
  2 acid dragons
  35 orc warriors
  An ice beast (D:8)
  8 black bears
  5 ogres
  30 wolves
  2 centaurs
  Blork the orc (D:5)
  2 phantoms
  8 bullfrogs
  2 kobold brigands
  3 gnoll sergeants
  2 scorpions
  2 warg zombies (Orc:1)
  5 wights
  37 killer bees
  A howler monkey (D:5)
  17 orc priests
  4 jellies
  4 sleepcaps
  5 hounds
  A gnoll bouda (D:7)
  3 iguanas
  21 orc wizards
  Robin (D:2)
  15 gnolls
  4 adders
  A shadow imp (Gauntlet)
  10 white imps
  6 worms
  3 dart slugs
  69 orcs
  6 ball pythons
  2 bats
  9 endoplasms
  4 giant cockroaches
  15 goblins
  13 hobgoblins
  4 jackals (D:2)
  25 kobolds
  6 quokkas
  3 frilled lizards
  6 orc zombies (Orc:1)
  8 rats
663 creatures vanquished.

Vanquished Creatures (collateral kills)
  An orc warlord (Orc:2)
  A catoblepas (Lair:5)
  4 hydras
  4 death yaks
  An orc sorcerer (Orc:2)
  7 elephants
  A manticore (Lair:5)
  A torpor snail (Lair:5)
  A torpor snail (shapeshifter) (D:14)
  An ice statue (IceCv)
  3 black mambas
  7 cane toads
  A komodo dragon (Lair:3)
  4 polar bears (IceCv)
  2 trolls
  2 tyrant leeches
  3 hornets (Lair:5)
  3 dream sheep
  17 yaks
  2 hogs (Lair:5)
  A basilisk (Lair:4)
  A swamp worm (Gauntlet)
  2 wargs
  A water moccasin (Lair:5)
  2 orc warriors (Orc:2)
  3 black bears
  6 wolves
  A bullfrog (Lair:4)
  3 orc priests
  6 orc wizards
  5 white imps (Lair:4)
  2 orc zombies
  14 orcs
113 creatures vanquished.

Vanquished Creatures (others)
  A fire dragon (Lair:5)
  Erolcha (D:11)
  A hydra (Lair:5)
  A skyshark (Lair:5)
  A skeletal warrior (D:13)
  An orc knight (Orc:1)
  A human zombie (Lair:5)
  A deep elf pyromancer (D:14)
  A frost giant zombie (IceCv)
  An elephant (Lair:4)
  A cyclops (D:14)
  3 manticores
  A gargoyle (D:12)
  A torpor snail (Lair:5)
  2 cane toads (Lair:5)
  An unseen horror (shapeshifter) (D:14)
  3 death yak zombies
  2 swamp worm zombies (Gauntlet)
  A komodo dragon (Lair:2)
  An efreet (D:14)
  A merfolk (Shoals:1)
  4 polar bears
  2 black mamba zombies (Lair:5)
  A wyvern (shapeshifter) (D:14)
  A wyvern (Lair:3)
  A human (Lair:5)
  2 yaks
  2 basilisks (Lair:5)
  A two-headed ogre zombie (D:11)
  A skyshark zombie (Lair:1)
  A merfolk zombie (Shoals:1)
  2 water moccasins
  2 cane toad zombies
  2 orc warriors (Orc:2)
  A dream sheep zombie (Shoals:1)
  A blink frog zombie (Lair:5)
  3 hornet zombies (Lair:5)
  2 ice beasts (IceCv)
  An ogre (Orc:1)
  3 hog zombies (Lair:5)
  A rime drake zombie (Lair:5)
  A torpor snail zombie (Lair:5)
  2 komodo dragon zombies
  A bullfrog (Lair:2)
  2 water moccasin zombies
  2 wyvern zombies
  2 warg zombies
  5 polar bear zombies (IceCv)
  7 yak zombies
  8 wolf zombies
  2 bullfrog zombies
  2 basilisk zombies (Lair:5)
  4 black bear zombies
  A killer bee zombie (D:10)
  2 ice beast zombies (IceCv)
  An ogre zombie (Orc:1)
  2 orcs (Orc:2)
  45 orc zombies
150 creatures vanquished.

Grand Total: 926 creatures vanquished

Notes
Turn   | Place    | Note
-------+----------+-------------------------------------------
     0 | D:1      | Shayle the Demonspawn Reaver began the quest for the Orb.
     0 | D:1      | Reached XP level 1. HP: 16/16 MP: 3/3
   218 | D:1      | Discovered your monstrous ancestry.
   218 | D:1      | Gained mutation: You have large cloven feet. [demonic
                  | ancestry]
   218 | D:1      | Reached XP level 2. HP: 22/22 MP: 5/5
   374 | D:1      | Reached skill level 1 in Armour
  1084 | D:2      | Found Ruluf's Assorted Antiques.
  1089 | D:2      | Bought a scroll labelled JOTWOL FOIKK for 27 gold pieces
  1089 | D:2      | Bought a scroll labelled MEIHUGG CALENU for 27 gold pieces
  1089 | D:2      | Bought a glowing inky potion for 24 gold pieces
  1159 | D:2      | Reached XP level 3. HP: 25/28 MP: 6/6
  1226 | D:2      | Found Laosewel's Vocational Training.
  1806 | D:3      | Noticed Robin
  1876 | D:3      | Gained mutation: You are partially covered in sharp spines.
                  | [demonic ancestry]
  1876 | D:3      | Reached XP level 4. HP: 33/34 MP: 8/8
  2063 | D:3      | Found Oshoipsast's General Store.
  2074 | D:3      | Identified the +3 ring mail "Xazen" {rElec rC+ Dex+4}
  2205 | D:2      | Killed Robin
  2438 | D:3      | Found a faded altar of an unknown god.
  2514 | D:4      | Noticed an acid dragon
  2546 | D:4      | Gained mutation: Your touch may inflict minor irresistible
                  | damage on your foes. [demonic ancestry]
  2546 | D:4      | Reached XP level 5. HP: 37/41 MP: 9/9
  2563 | D:4      | Found an ornate altar of the Wu Jian Council.
  2565 | D:4      | Found a snail-covered altar of Cheibriados.
  2566 | D:4      | Found a shimmering blue altar of Sif Muna.
  2567 | D:4      | Found an opulent altar of Gozag.
  2681 | D:4      | Noticed Sigmund
  2687 | D:4      | Killed Sigmund
  2688 | D:4      | Gained mutation: You have a pair of small antennae on your
                  | head. [demonic ancestry]
  2688 | D:4      | Reached XP level 6. HP: 47/48 MP: 11/11
  2758 | D:4      | Identified a scroll of acquirement
  2758 | D:4      | Acquired the +2 pair of boots of the Armoured One {Int+3
                  | Slay+5}
  2864 | D:4      | Killed an acid dragon
  3174 | D:5      | Entered Level 5 of the Dungeon
  3181 | D:5      | Reached XP level 7. HP: 55/55 MP: 13/13
  3244 | D:5      | Found a runed translucent gate.
  3244 | D:5      | Found a runed translucent gate.
  3244 | D:5      | Found a runed translucent gate.
  3260 | D:5      | Noticed lotum's ghost (novice MfGl)
  3261 | D:5      | Noticed a yak
  3288 | D:5      | Reached skill level 5 in Fighting
  3380 | D:5      | You fall into a shaft and drop 2 floors!
  3380 | D:7      | Found a staircase to the Ecumenical Temple.
  3388 | Temple   | Entered the Ecumenical Temple
  3393 | Temple   | Reached skill level 5 in Spellcasting
  3446 | Temple   | Became a worshipper of Kikubaaqudgha
  3494 | D:7      | Gained mutation: You have a pair of antennae on your head.
                  | [demonic ancestry]
  3494 | D:7      | Reached XP level 8. HP: 52/64 MP: 15/15
  3596 | D:7      | Found a burning altar of Makhleb.
  3597 | D:7      | Found a hazy altar of Hepliaklqana.
  3659 | D:7      | Reached skill level 5 in Armour
  3783 | D:7      | Found a stormy altar of Qazlal.
  3853 | D:7      | Found a broken altar of Ashenzari.
  3985 | D:5      | Reached * piety under Kikubaaqudgha
  3985 | D:5      | Received a gift from Kikubaaqudgha
  4363 | D:5      | Noticed Blork the orc
  4369 | D:5      | Killed Blork the orc
  5070 | D:7      | Found the ring of the Hare {EV+10}
  5120 | D:7      | Reached skill level 1 in Necromancy
  5343 | D:8      | Gained mutation: You have hoof-like feet. [demonic
                  | ancestry]
  5343 | D:8      | Reached XP level 9. HP: 70/72 MP: 18/18
  5572 | D:8      | Found an iron altar of Okawaru.
  5572 | D:8      | Found a runed translucent door.
  5579 | D:8      | Found the +0 toga "Victory" {*Victory Clar}
  5580 | D:8      | Noticed a two-headed ogre
  6025 | D:9      | Reached skill level 5 in Necromancy
  6040 | D:9      | Gained mutation: A meltable shield of frost defends you.
                  | (SH +4) [demonic ancestry]
  6040 | D:9      | Reached XP level 10. HP: 67/82 MP: 19/19
  6324 | D:9      | Noticed a two-headed ogre
  6335 | D:9      | Killed a two-headed ogre
  6412 | D:9      | Reached ** piety under Kikubaaqudgha
  6974 | D:10     | Entered Level 10 of the Dungeon
  7001 | D:10     | Noticed Snorg
  7024 | D:10     | Killed Snorg
  7064 | D:10     | Reached skill level 10 in Fighting
  7084 | D:10     | Acquired a +0 demon trident of venom
  7141 | D:10     | Found a flagged portal.
  7167 | Bailey   | Entered a bailey
  7182 | Bailey   | Noticed an orc knight
  7197 | Bailey   | Noticed an orc knight
  7221 | Bailey   | Killed an orc knight
  7284 | Bailey   | Gained mutation: You have hooves in place of feet. [demonic
                  | ancestry]
  7284 | Bailey   | Reached XP level 11. HP: 77/91 MP: 20/20
  7294 | Bailey   | Killed an orc knight
  7542 | Bailey   | Identified the ring "Veppiask" {Will+++ MP+9 Int+6 Stlth-}
  7868 | D:6      | Reached *** piety under Kikubaaqudgha
  7868 | D:6      | Received a gift from Kikubaaqudgha
  8259 | D:6      | Found Hahaduxt's Tremendous Tomes.
  8462 | D:3      | Bought a scroll of acquirement for 728 gold pieces
  8462 | D:3      | Acquired 976 gold pieces
  8464 | D:3      | Bought a potion of lignification for 42 gold pieces
  8464 | D:3      | Bought a potion of invisibility for 112 gold pieces
  8626 | D:11     | Noticed Erolcha
  8756 | D:9      | Learned a level 4 spell: Animate Dead
  8760 | D:9      | Learned a level 2 spell: Sublimation of Blood
  8764 | D:9      | Learned a level 2 spell: Blink
  8769 | D:9      | Learned a level 4 spell: Anguish
  9040 | D:10     | Found a staircase to the Lair.
  9052 | D:10     | Reached skill level 1 in Earth Magic
  9062 | Lair:1   | Entered Level 1 of the Lair of Beasts
  9095 | Lair:1   | Learned a level 6 spell: Death Channel
  9350 | Lair:1   | Noticed a skyshark
  9364 | Lair:1   | Killed a skyshark
  9414 | Lair:1   | Reached **** piety under Kikubaaqudgha
  9452 | Lair:1   | Reached skill level 10 in Armour
  9631 | Lair:1   | Gained mutation: Your touch may inflict irresistible damage
                  | on your foes. [demonic ancestry]
  9631 | Lair:1   | Reached XP level 12. HP: 100/100 MP: 21/21
  9648 | Lair:1   | Reached skill level 10 in Necromancy
 10136 | Lair:2   | Noticed a four-headed hydra
 10438 | Lair:2   | Found a staircase to the Shoals.
 10699 | Lair:2   | Killed a four-headed hydra
 10700 | Lair:2   | Reached skill level 5 in Earth Magic
 11910 | Lair:3   | Found a hole to the Spider Nest.
 11919 | Lair:3   | Reached ***** piety under Kikubaaqudgha
 11945 | Lair:3   | Noticed an eight-headed hydra
 11957 | Lair:3   | Killed an eight-headed hydra
 12110 | Lair:3   | Gained mutation: Your touch may irresistibly damage your
                  | foes and sap their willpower. [demonic ancestry]
 12110 | Lair:3   | Reached XP level 13. HP: 109/109 MP: 22/22
 12881 | Lair:4   | Found a frozen archway.
 12895 | IceCv    | Entered an ice cave
 14065 | IceCv    | Noticed a frost giant
 14095 | IceCv    | Killed a frost giant
 14765 | Lair:4   | Found a viscous altar of Jiyva.
 14765 | Lair:4   | Found a staircase to the Slime Pits.
 15029 | Lair:5   | Entered Level 5 of the Lair of Beasts
 15040 | Lair:5   | Noticed Kirke
 15051 | Lair:5   | HP: 4/111 [yak (12)]
 15064 | Lair:5   | Reached XP level 14. HP: 22/118 MP: 23/23
 15083 | Lair:5   | Killed Kirke
 15095 | Lair:5   | Your ally Kirke died
 16302 | D:11     | Noticed Maurice
 16313 | D:11     | Something stole a ring of positive energy
 16314 | D:11     | Killed Maurice
 16357 | D:11     | Noticed Fannar
 16379 | D:11     | Killed Fannar
 17267 | Lair:5   | Found a runed translucent door.
 18450 | Shoals:1 | Entered Level 1 of the Shoals
 18747 | D:11     | Found a staircase to the Orcish Mines.
 18767 | Orc:1    | Entered Level 1 of the Orcish Mines
 18780 | Orc:1    | Reached ****** piety under Kikubaaqudgha
 19111 | Orc:2    | Entered Level 2 of the Orcish Mines
 19122 | Orc:1    | Reached skill level 1 in Poison Magic
 19275 | Orc:2    | Paralysed by an orc sorcerer for 2 turns
 19293 | Orc:2    | Received a gift from Kikubaaqudgha (forbidden knowledge)
 19316 | Orc:2    | Found the +16 obsidian axe {drain, demonic, Mesm Drain Fly
                  | SInv}
 19346 | Orc:1    | Gained mutation: A meltable icy envelope protects you from
                  | harm. (AC +4) [demonic ancestry]
 19346 | Orc:1    | Reached XP level 15. HP: 49/127 MP: 20/24
 19361 | Orc:1    | Found Pew Nawo's Jewellery Shop.
 19635 | Orc:1    | Found Gol Pibb's Overcharged Wands.
 20237 | Orc:2    | Found Kyulup's Weapon Shoppe.
 20446 | Orc:2    | Found a staircase to the Elven Halls.
 20518 | Orc:2    | Found Eviz's Antique Armour Shop.
 20652 | Orc:2    | Reached skill level 5 in Conjurations
 21082 | Orc:2    | Found Biplah's Antique Weapon Emporium.
 21086 | Orc:2    | Found Meff's Antique Armour Shoppe.
 21103 | Orc:2    | Bought a runed cloak for 225 gold pieces
 21693 | D:11     | Reached skill level 5 in Poison Magic
 21962 | D:11     | Killed Erolcha
 22746 | Spider:1 | Entered Level 1 of the Spider Nest
 25019 | D:14     | Found a gate to the Vaults.
 25132 | D:14     | Found a gate leading to a gauntlet.
 25144 | Gauntlet | Entered a Gauntlet
 25144 | Gauntlet | Found a transporter.
 25144 | Gauntlet | Found a transporter.
 25153 | Gauntlet | Found a transporter.
 25163 | Gauntlet | Found a transporter.
 25178 | Gauntlet | Found a transporter.
 25188 | Gauntlet | Found a transporter.
 25204 | Gauntlet | Found a transporter.
 25210 | Gauntlet | Found a transporter.
 25224 | Gauntlet | Found a transporter.
 25241 | Gauntlet | Found a transporter.
 25245 | Gauntlet | Found a transporter.
 25288 | Gauntlet | Found a transporter.
 25338 | Gauntlet | Learned a level 3 spell: Ignite Poison
 25477 | Gauntlet | Learned a level 3 spell: Hailstorm
 25500 | Gauntlet | Identified the ring "Tenol" {rElec rPois Str+6 SInv}
 25507 | Gauntlet | Identified the +0 ring mail of Going Fast {rPois Str+4
                  | Stlth+}
 25557 | Gauntlet | Identified the ring of Gyelin {rPois rC+ Will- Int+8 Dex-5}
 25751 | Gauntlet | Identified the +3 war axe of the Jumping Owl {elec, rElec
                  | Str+4}
 25916 | Gauntlet | Identified the staff of Dithmenos's Pride {rN+ Int+2 Conj
                  | Hexes Tloc}
 25916 | Gauntlet | Identified the +4 mace of Distant Worlds {speed, rC+ Str+3
                  | Int-2}
 26360 | Orc:1    | Bought an amulet of reflection for 420 gold pieces
 26866 | Shoals:1 | Hit by a javelin thrown by a merfolk javelineer

Illustrated notes

Levels and vault maps discovered:
D:1:      matt_arrival_los_fun, layout_basic, nrook_mini_vaults
D:2:      layout_loops_ring, serial_shops, shop, nicolae_shop_vocational
D:3:      layout_rooms, serial_shops, shop, chequers_ecumenical_altar_grove,
          uniq_robin
D:4:      layout_rooms, grunt_temple_overflow_open, cheibriados_altar_1,
          minivault_24, uniq_sigmund
D:5:      layout_loops_ring, gammafunk_ghost_split, portal_sewer_entry_e,
          serial_bayou, serial_bayou_pond_c, serial_bayou_pond_a,
          serial_bayou_crossing, serial_bayou_shore_a, chequers_garden,
          uniq_blork_the_orc
D:6:      layout_rooms, serial_corexii_hall, corexii_hall_statues_x,
          corexii_hall_statues_i, nicolae_shop_i_like_big_books, corexii_shack
D:7:      layout_loops_corners, nicolae_overflow_hidden_temple,
          nicolae_qazlal_eye_of_the_storm, ashenzari_altar_1,
          minmay_temple_entry_glass
D:8:      layout_rooms, nicolae_overflow_guarded_unrand_okawaru_victory,
          minmay_misc_feat_more_columns
D:9:      layout_basic, minmay_fractal_squares_gapless_5
D:10:     layout_gridville, tso_oasis_becter, erik_lair_orcish_takeover,
          enter_bailey_4, uniq_snorg
D:11:     layout_gridville, orc_0_dummy, uniq_maurice, uniq_erolcha, uniq_fannar
D:12:     layout_stronghold
D:13:     layout_stronghold, serial_shops, shop
D:14:     layout_roguey, david_vaults_2, gauntlet_entry_generic
Temple:   minmay_temple_curvy_loop
Lair:1:   layout_roguey, special_room [special_room_bee], beast_lair_carwin_8
Lair:2:   layout_misc_corridors, shoals_dummy_entry, st_stairs_13,
          beast_lair_carwin_9, infiniplex_staircase_pool
Lair:3:   layout_chaotic_city, spider_nest_entry_webs
Lair:4:   layout_cave_shapes, slime_entry_1, portal_ice_cave_entry_imps
Lair:5:   hangedman_lair_in_review, layout_cave_shapes, wormcave,
          hangedman_lair_unloving_vines, minmay_lair_drake_nest, uniq_kirke
Shoals:1: layout_shoals, nicolae_shoals_seven_spires
Spider:1: layout_chambers
Orc:1:    layout_diamond_mine, serial_shops, nicolae_shop_gaudy_bauble,
          nicolae_shop_overcharged_wands
Orc:2:    grunt_orc_community_town_hall, layout_caves,
          grunt_orc_community_big_house_1, grunt_orc_community_big_house_1,
          grunt_orc_community_house_3, grunt_orc_community_house_3,
          grunt_orc_community_house_3, grunt_orc_community_house_2,
          grunt_orc_community_house_2, dreamdust_deal_with_the_devil,
          nicolae_orc_crystal_geode

Skill      XL: |  1  2  3  4  5  6  7  8  9 10 11 12 13 14 15 |
---------------+----------------------------------------------+-----
Armour         | 1 2 3 4 6 7 9 10 11 12 13 | 13.2
Fighting       | 3 4 5 7 8 10 11 12 13 14 | 14.6
Spellcasting   | 3 4 5 6 |  6.1
Necromancy     | 1 5 8 9 11 12 14 | 14.0
Earth Magic    | 3 6 8 9 |  9.5
Poison Magic   | 2 7 |  7.5
Conjurations   | 8 |  8.2
Polearms       | |  2.6
Dodging        | |  1.7

Action                     |  1- 3 |  4- 6 |  7- 9 | 10-12 | 13-15 || total
---------------------------+-------+-------+-------+-------+-------++-------
  Melee: Spear             |    36 |       |       |       |       ||    36
         Short sword       |    78 |    77 |   180 |   504 |   976 ||  1815
         Kick              |    19 |    11 |       |   185 |   469 ||   684
         Touch             |       |     6 |    47 |   115 |   178 ||   346
         Punch             |       |       |     5 |    11 |    10 ||    26
         Eveningstar       |       |       |       |       |    28 ||    28
  Throw: Dart              |       |       |       |     2 |     1 ||     3
         Throwing net      |       |       |       |     1 |       ||     1
   Cast: Animate Dead      |       |       |       |     3 |    27 ||    30
         Anguish           |       |       |       |     2 |    65 ||    67
         Death Channel     |       |       |       |       |    14 ||    14
         Blink             |       |       |       |       |     4 ||     4
         Hailstorm         |       |       |       |       |     5 ||     5
 Invoke: Unearth Wretches  |       |       |       |     2 |    10 ||    12
         Receive Forbidden |       |       |       |       |     1 ||     1
  Evoke: Wand              |       |       |       |     5 |    21 ||    26
    Use: Scroll            |     6 |     6 |    13 |     9 |    22 ||    56
         Potion            |       |       |     1 |     2 |    18 ||    21
   Stab: Sleeping          |     1 |       |       |       |       ||     1
         Distracted        |       |       |       |     1 |     6 ||     7
         Paralysed         |       |       |       |     3 |    22 ||    25
         Invisible         |       |       |       |       |     1 ||     1
 Armour: Leather armour    |    69 |     7 |       |       |       ||    76
         Ring mail         |       |    40 |    99 |   210 |   629 ||   978
         Skin              |       |       |       |       |    54 ||    54
  Dodge: Dodged            |    39 |    41 |   114 |   459 |   963 ||  1616
  Block: Other             |       |       |       |    86 |   149 ||   235
         Buckler           |       |       |       |       |   185 ||   185
         Reflection        |       |       |       |       |     1 ||     1

Table legend: (Time is in decaauts)
 A = Elapsed time spent in this place.
 B = Non-inter-level travel time spent in this place.
 C = Inter-level travel time spent in this place.
 D = Time resting spent in this place.
 E = Time spent auto-exploring this place.
 F = Levels seen in this place.
 G = Mean time per level.
                   A        B        C        D        E       F      G
               +--------+--------+--------+--------+--------+-----+--------+
         Total |  27061 |  24580 |   2481 |   5417 |  10788 |  27 | 1002.3 |
       Dungeon |  12137 |  10810 |   1327 |    745 |   6549 |  14 |  866.9 |
        Temple |     93 |      9 |     84 |      0 |      0 |   1 |   93.0 |
          Lair |   8364 |   7518 |    846 |   2380 |   3047 |   5 | 1672.8 |
        Shoals |    373 |    370 |      3 |    122 |     69 |   1 |  373.0 |
   Spider Nest |     38 |     38 |      0 |     24 |      0 |   1 |   38.0 |
  Orcish Mines |   2969 |   2750 |    219 |    789 |    965 |   2 | 1484.5 |
        Bailey |    565 |    565 |      0 |    169 |    111 |   1 |  565.0 |
      Ice Cave |   1739 |   1739 |      0 |    809 |     47 |   1 | 1739.0 |
      Gauntlet |    778 |    778 |      0 |    379 |      0 |   1 |  778.0 |
               +--------+--------+--------+--------+--------+-----+--------+

Top non-repeatable levels by time:
  Lair:5: 3243 daAuts
   IceCv: 1739 daAuts
  Lair:1: 1592 daAuts
   Orc:1: 1554 daAuts
   Orc:2: 1415 daAuts
    D:12: 1404 daAuts
  Lair:3: 1353 daAuts
  Lair:2: 1297 daAuts
     D:9: 1157 daAuts
    D:10: 1117 daAuts
     D:7: 1111 daAuts
     D:1: 1027 daAuts
    D:11: 976 daAuts
     D:5: 972 daAuts
     D:2: 905 daAuts
